 Dungeon Crawl Stone Soup version 0.29.1-15-g9cfb28693d (webtiles) character file.

Game seed: 4817528387165496159

2235 Sanktem7 the Cleaver (level 9, -17/79 HPs)
             Began as a Minotaur Fighter on Mar 13, 2023.
             Was a Believer of Okawaru.
             Demolished by an orc knight
             ... wielding a +0 war axe
              (18 damage)
             ... in a bailey.
             The game lasted 00:12:40 (7490 turns).

Sanktem7 the Cleaver (Minotaur Fighter)             Turns: 7490, Time: 00:12:41

Health: -17/79     AC: 13    Str: 28    XL:     9   Next: 14%
Magic:  8/8        EV: 10    Int:  5    God:    Okawaru [**....]
Gold:   765        SH:  5    Dex: 12    Spells: 8/8 levels left

rFire   + . .      SeeInvis .   f - +4 war axe (flame) {axe}
rCold   . . .      Faith    .   c - +0 buckler
rNeg    . . .      Spirit   .   D - +4 ring mail of Diriseacy {Will- rCorr Str+2 Dex+3}
rPois   +          Reflect  .   (helmet restricted)
rElec   .          Harm     .   (no cloak)
rCorr   +          Rampage  .   C - +1 pair of gloves
Will    .....                   (no boots)
Stlth   +.........              (no amulet)
HPRegen 0.23/turn               n - ring of poison resistance
MPRegen 0.11/turn               r - ring of protection from fire

@: no status effects
A: horns 2, retaliatory headbutt
a: Renounce Religion, Heroism


You were in a bailey.
You worshipped Okawaru.
Okawaru was pleased with you.
You visited 2 branches of the dungeon, and saw 8 of its levels.
You also visited: Sewer and Bailey.

You collected 1104 gold pieces.
You spent 339 gold pieces at shops.


Innate Abilities, Weirdness & Mutations

You have a pair of horns on your head.
You reflexively headbutt those who attack you in melee.


   Skills:
 + Level 7.5 Fighting
 * Level 9.5 Axes
 + Level 7.4 Armour
 + Level 7.5 Shields


You had 8 spell levels left.
You didn't know any spells.
Your spell library contained the following spells:

 Spells                   Type           Power      Damage    Failure   Level
 Ensorcelled Hibernation  Hex/Ice        0%         N/A       80%         2
 Passwall                 Tmut/Erth      0%         N/A       80%         2
 Swiftness                Air            0%         N/A       95%         3
 Passage of Golubria      Tloc           0%         N/A       100%        4
 Yara's Violent Unravell  Hex/Tmut       0%         3d3       100%        5
 Tukima's Dance           Hex            Unusable   N/A       N/A         3
 Summon Forest            Summ/Tloc      Unusable   N/A       N/A         5
 Summon Mana Viper        Hex/Summ       Unusable   N/A       N/A         5
 Summon Cactus Giant      Summ           Unusable   N/A       N/A         6

Inventory:

Hand Weapons
 f - a +4 war axe of flaming (weapon) {axe}
   (You bought it in a shop on level 1 of the Dungeon)
Missiles
 e - 28 stones (quivered) {throwing}
 m - 8 javelins {throwing}
 q - 2 boomerangs {throwing}
 v - 18 poisoned darts {throwing}
Armour
 b - a +0 scale mail
 c - a +0 buckler (worn)
 C - a +1 pair of gloves (worn)
   (You found it on level 5 of the Dungeon)
 D - the +4 ring mail of Diriseacy (worn) {Will- rCorr Str+2 Dex+3}
   (You found it on level 7 of the Dungeon)

   Str:       It affects your strength (+2).
   Dex:       It affects your dexterity (+3).
   rCorr:     It protects you from acid and corrosion.
   Will:      It decreases your willpower.
Magical Staves
 A - a staff of poison {!astaff}
   (You found it on level 5 of the Dungeon)
Jewellery
 l - a ring of ice
   (You found it on level 4 of the Dungeon)
 n - a ring of poison resistance (left hand)
   (You found it on level 1 of the Dungeon)
 r - a ring of protection from fire (right hand)
   (You found it on level 2 of the Dungeon)
Wands
 k - a wand of roots (4)
   (You found it on level 6 of the Dungeon)
 u - a wand of flame (22)
   (You found it on level 6 of the Dungeon)
Scrolls
 s - 2 scrolls of immolation {!r!r}
 t - a scroll of blinking {unknown}
 y - 3 scrolls of butterflies
Potions
 a - 3 potions of mutation {unknown}
 d - 2 potions of might
 g - 2 potions of attraction {!q}
 h - 2 potions of curing {@q1}
 i - a potion of brilliance {unknown}
 j - 6 potions of heal wounds {@q2}
 o - 2 potions of haste {unknown}
 p - 3 potions of lignification {!q}
 w - 2 potions of invisibility
 x - 2 potions of cancellation {unknown}
 z - a potion of resistance {unknown}
 B - a potion of degeneration {unknown}
 E - a potion of flight

Dungeon Overview and Level Annotations

Branches:
Dungeon (7/15) Zot: 26565  Temple (1/1) D:4 Zot: 5955   Sewer (visited)
 Bailey (1/1) Zot: 5891

Altars:
Dithmenos
Hepliaklqana
Okawaru
Ru
Uskayaw
Vehumet
Xom
Zin

Shops:
D:1 (   D:2 ( D:3

( #....∩....#
#.........#
##.......## ##.....##
##...### ####...##
####.....##
###...o...##
####.....o@..#
#.....g.KK....#
........≈≈≈≈≈≈≈≈.#
......≈≈≈≈≈≈≈≈≈≈≈≈≈#
...≈≈≈≈≈#########≈≈≈
~≈≈≈≈≈≈K#ooggo..#K≈≈≈≈
≈~≈(.####.......# ##≈≈
.....#. ####+#### .#.K
...#'#.


You could see 2 orc knights, 3 orc warriors, 2 gnolls, a hobgoblin and 2
kobolds.


Message History

There's something in the way.
There's something in the way. 😕 HP[-1]
You take 1 damage, and now have 78/79 hp.
There's something in the way.
There's something in the way.
There's something in the way.
There's something in the way.
There's something in the way.
There's something in the way.
There's something in the way.
There's something in the way.
There's something in the way.
There's something in the way.
The kobold shouts!
The kobold throws a boomerang.
You block the boomerang. 😎 HP[+1]
Your hp is fully restored (79).
You throw a stone {throwing}.
The stone {throwing} hits the kobold but does no damage.
The orc knight no longer looks unusually strong.
The kobold throws a boomerang.
The boomerang misses you.
You throw a stone {throwing}.
The stone {throwing} misses the orc knight.
You throw a stone {throwing}.
The stone {throwing} hits the orc knight but does no damage.
The kobold throws a boomerang.
The boomerang hits you but does no damage.
You throw a stone {throwing}.
The stone {throwing} hits the orc knight but does no damage.
You throw a stone {throwing}.
The stone {throwing} closely misses the orc knight.
The kobold throws a boomerang.
The boomerang barely misses you.
You throw a stone {throwing}.
The stone {throwing} hits the orc knight but does no damage.
The orc knight roars a battlecry!
The orc knight goes into a battle-frenzy!
You throw a stone {throwing}.
The stone {throwing} completely misses the kobold.
The kobold throws a boomerang.
You block the boomerang.
You throw a stone {throwing}.
The stone {throwing} barely misses the orc knight.
You throw a stone {throwing}.
The stone {throwing} hits the orc knight.
You throw a stone {throwing}.
The stone {throwing} closely misses the orc knight.
The stone {throwing} hits the orc knight.
The orc warrior jeers repeatedly, as Orcs often do.
You throw a stone {throwing}.
The stone {throwing} hits the orc knight but does no damage.
The kobold throws a boomerang.
The boomerang misses you.
The orc knight hits you with a +0 war axe!
You throw a stone {throwing}.
The stone {throwing} closely misses the orc knight.
The orc knight hits you with a +0 war axe.
You throw a stone {throwing}.
The stone {throwing} hits the orc knight but does no damage.
The kobold throws a boomerang.
The boomerang hits you but does no damage.
The orc knight roars a battlecry!
The orc knight goes into a battle-frenzy!
The orc knight hits you with a +0 war axe!
You are too injured to fight recklessly! 😮 HP[-26]
You take 26 damage, and now have 53/79 hp.
MASSIVE DAMAGE!! (PAUSE)
The kobold throws a boomerang.
You block the boomerang.
The kobold throws a boomerang.
The boomerang closely misses you.
You slash the orc knight! You burn the orc knight.
The kobold throws a boomerang.
The boomerang hits you. You block the orc knight's attack.
You slash the orc knight! You burn the orc knight.
Your headbutt misses the orc knight.
The orc knight hits you with a +0 war axe!!
* * * LOW HITPOINT WARNING * * *
😨 HP[-18]
You take 18 damage, and now have 35/79 hp.
MASSIVE DAMAGE!! (PAUSE)
The kobold throws a boomerang.
The boomerang hits you but does no damage.
The orc knight attacks as you move away!
The orc knight hits you with a +0 war axe!
* * * LOW HITPOINT WARNING * * *
The orc knight suddenly yells.
The kobold throws a boomerang.
The boomerang hits you but does no damage. 😨 HP[-8]
You take 8 damage, and now have 27/79 hp.
There is a gate leading back out of this place here. 😨 HP[+1]
You slash the orc knight! You burn the orc knight.
Your headbutt misses the orc knight.
The orc knight hits you with a +0 war axe!!
* * * LOW HITPOINT WARNING * * *
You hear a shout! 😱 HP[-27]
You take 27 damage, and now have 1/79 hp.
MASSIVE DAMAGE!! (PAUSE)
The orc knight hits you with a +0 war axe!!
You die...

Skill      XL: |  1  2  3  4  5  6  7  8 |
---------------+-------------------------+-----
Axes           | 3 4 5 6 7 9 |  9.5
Fighting       | 4 5 6 7 |  7.5
Armour         | 4 5 6 7 |  7.4
Shields        | 4 5 6 7 |  7.5

Action                   |  1- 3 |  4- 6 |  7- 9 || total
-------------------------+-------+-------+-------++-------
Melee: War axe           |    48 |   160 |   149 ||   357
       Headbutt          |     9 |    34 |    22 ||    65
Throw: Stone             |       |       |    65 ||    65
  Use: Scroll            |       |     7 |     6 ||    13
Armor: Scale mail        |    25 |    52 |    60 ||   137
       Ring mail         |       |       |    16 ||    16
Dodge: Dodged            |    31 |    57 |    72 ||   160
Block: Buckler           |    12 |    33 |    47 ||    92

Levels and vault maps discovered:
D:1:      minmay_arrival_up_and_down, layout_loops_ring, serial_shops, shop,
          shapermc_ecumenical_altar_venn, minmay_pentomino_x4
D:2:      layout_basic, serial_shops, shop
D:3:      layout_basic, gup_sewer_entry_bubbles, serial_shops, shop
D:4:      layout_loops_ring, kennysheep_little_box,
          mainiacjoe_overflow_boulevard, minmay_temple_entry_statues_fountains,
          uniq_robin
D:5:      layout_loops_corners, old_standard_altar
D:6:      layout_gridville, minmay_crystal_water
D:7:      layout_loops_ring, enter_bailey_2
Temple:   bh_familiar_temple
Bailey:   bailey_axe_4, bailey

Notes
Turn   | Place    | Note
-------+----------+-------------------------------------------
     0 | D:1      | Sanktem7 the Minotaur Fighter began the quest for the Orb.
     0 | D:1      | Reached XP level 1. HP: 19/19 MP: 0/0
     0 | D:1      | magus.rc [v1.9.6]
    55 | D:1      | Found a faded altar of an unknown god.
   207 | D:1      | Found Dillaxt's Weapon Boutique.
   673 | D:2      | Reached XP level 2. HP: 27/27 MP: 1/1
   755 | D:2      | Reached skill level 3 in Axes
   935 | D:2      | Reached skill level 4 in Fighting
   935 | D:2      | Reached skill level 4 in Armour
   935 | D:2      | Reached skill level 4 in Shields
   935 | D:2      | Reached XP level 3. HP: 15/33 MP: 2/2
  1346 | D:2      | Found Watiud's Antique Weapon Shop.
  1386 | D:2      | You pick up a book of Burglary and begin reading...
  1386 | D:2      | You add the spells Passwall, Ensorcelled Hibernation and
                  | Swiftness to your library.
  1670 | D:3      | Reached XP level 4. HP: 18/40 MP: 3/3
  1710 | D:3      | Reached skill level 4 in Axes
  1722 | D:3      | HP: 9/40 [poisoned by an adder]
  1729 | D:3      | Found a glowing drain.
  1737 | Sewer    | Entered a sewer
  1989 | Sewer    | Noticed a kobold brigand
  2005 | Sewer    | Killed a kobold brigand
  2005 | Sewer    | HP: 9/41 [poisoned by a kobold brigand]
  2006 | Sewer    | Reached XP level 5. HP: 10/47 MP: 4/4
  2010 | Sewer    | HP: 6/47 [poisoned by a kobold brigand]
  2381 | Sewer    | Reached skill level 5 in Axes
  2381 | Sewer    | Reached XP level 6. HP: 37/55 MP: 5/5
  2751 | Sewer    | Reached skill level 5 in Fighting
  2751 | Sewer    | Reached skill level 5 in Shields
  2767 | Sewer    | Reached skill level 5 in Armour
  3100 | D:3      | You add the spells Tukima's Dance, Passage of Golubria and
                  | Yara's Violent Unravelling to your library.
  3305 | D:3      | Found Decelev's Weapon Boutique.
  3548 | D:3      | Identified a scroll of acquirement
  3548 | D:3      | Acquired 799 gold pieces
  3621 | D:1      | Bought a +4 war axe of flaming for 339 gold pieces
  3743 | D:4      | Noticed Robin
  3748 | D:4      | Killed Robin
  3806 | D:4      | Found a hide-covered altar of Uskayaw.
  3825 | D:4      | Found a staircase to the Ecumenical Temple.
  3834 | Temple   | Entered the Ecumenical Temple
  3864 | Temple   | Became a worshipper of Warmaster Okawaru
  4334 | D:4      | Found a sacrificial altar of Ru.
  4423 | D:5      | Entered Level 5 of the Dungeon
  4442 | D:5      | Found a shimmering altar of Xom.
  4475 | D:5      | Reached skill level 6 in Axes
  4482 | D:5      | Reached XP level 7. HP: 46/61 MP: 6/6
  5083 | D:5      | Reached * piety under Okawaru
  5084 | D:5      | Reached skill level 7 in Axes
  5284 | D:5      | Reached skill level 6 in Fighting
  5284 | D:5      | Reached skill level 6 in Shields
  5472 | D:5      | Reached skill level 6 in Armour
  5578 | D:5      | Reached XP level 8. HP: 31/70 MP: 7/7
  6041 | D:6      | You pick up a book of the Wilderness and begin reading...
  6127 | D:6      | Reached skill level 8 in Axes
  6790 | D:6      | Reached skill level 7 in Shields
  6796 | D:6      | Reached ** piety under Okawaru
  6797 | D:6      | Reached skill level 7 in Fighting
  6966 | D:7      | Reached skill level 9 in Axes
  6966 | D:7      | Reached skill level 7 in Armour
  7072 | D:7      | Identified the +4 ring mail of Diriseacy {Will- rCorr Str+2
                  | Dex+3}
  7112 | D:7      | Reached XP level 9. HP: 38/79 MP: 8/8
  7382 | D:7      | Found a flagged portal.
  7391 | Bailey   | Entered a bailey
  7421 | Bailey   | Noticed an orc knight
  7423 | Bailey   | Noticed an orc knight
  7489 | Bailey   | HP: 1/79 [orc knight/+0 war axe (27)]
  7490 | Bailey   | Demolished by an orc knight

Vanquished Creatures
  3 water moccasins
  3 sky beasts
  2 ice beasts (D:6)
  2 black bears
  2 ogres (D:5)
  3 kobold brigands
  2 scorpions
  3 howler monkeys
  3 hounds
  A jelly (D:7)
  2 orc priests (D:7)
  2 iguanas (D:5)
  3 orc wizards
  Robin (D:4)
  8 gnolls
  14 adders
  5 river rats (Sewer)
  2 worms (D:3)
  A dart slug (D:5)
  10 orcs
  8 ball pythons
  4 bats
  5 endoplasms
  2 giant cockroaches (D:3)
  10 goblins
  6 hobgoblins
  5 quokkas
  7 frilled lizards
  15 kobolds
  9 rats
143 creatures vanquished.

Vanquished Creatures (others)
  16 plants (Sewer)
16 creatures vanquished.

Grand Total: 159 creatures vanquished

Table legend:
 A = Non-vault XP
 B = Vault XP
 C = Vault XP percentage of total XP
 D = Non-vault monster count
 E = Vault monster count
 F = Vault count percentage of total count
                 A         B        C        D         E       F
            +---------+---------+-------+---------+---------+-------
      Total |    2808 |     386 |  12.1 |      99 |      44 |  30.8
            +---------+---------+-------+---------+---------+-------
        D:1 |       8 |       3 |  27.3 |       5 |       2 |  28.6
        D:2 |      40 |       0 |   0.0 |      12 |       0 |   0.0
        D:3 |      83 |      30 |  26.5 |      19 |       7 |  26.9
        D:4 |     151 |      26 |  14.7 |      11 |       7 |  38.9
        D:5 |     770 |       0 |   0.0 |      22 |       0 |   0.0
        D:6 |     963 |       0 |   0.0 |      11 |       0 |   0.0
        D:7 |     793 |       0 |   0.0 |      19 |       0 |   0.0
      Sewer |       0 |     325 | 100.0 |       0 |      27 | 100.0
     Bailey |       0 |       2 | 100.0 |       0 |       1 | 100.0
            +---------+---------+-------+---------+---------+-------

Illustrated notes

Table legend:
 A = Kills in this place as a percentage of kills in entire the game.
 B = Kills by you in this place as a percentage of kills by you in the entire game.
 C = Kills by friends in this place as a percentage of kills by friends in the entire game.
 D = Other kills in this place as a percentage of other kills in the entire game.
 E = Experience gained in this place as a percentage of experience gained in the entire game.
 F = Experience gained in this place divided by the number of levels of this place that you have seen.
                   A       B       C       D       E      F
               +-------+-------+-------+-------+-------+----------------------
         Total | 100.0 | 100.0 |   N/A |   N/A | 100.0 | 319.4
       Dungeon |  80.4 |  80.4 |   N/A |   N/A |  89.8 | 409.6
         Sewer |  18.9 |  18.9 |   N/A |   N/A |  10.2 | 325.0
        Bailey |   0.7 |   0.7 |   N/A |   N/A |   0.1 |   2.0
               +-------+-------+-------+-------+-------+----------------------

Table legend: (Time is in decaauts)
 A = Elapsed time spent in this place.
 B = Non-inter-level travel time spent in this place.
 C = Inter-level travel time spent in this place.
 D = Time resting spent in this place.
 E = Time spent auto-exploring this place.
 F = Levels seen in this place.
 G = Mean time per level.
                   A        B        C        D        E       F      G
               +--------+--------+--------+--------+--------+-----+--------+
         Total |   7744 |   7412 |    332 |    538 |   5324 |  10 |  774.4 |
       Dungeon |   6174 |   5842 |    332 |     21 |   4629 |   7 |  882.0 |
        Temple |     44 |     44 |      0 |      0 |     20 |   1 |   44.0 |
         Sewer |   1417 |   1417 |      0 |    517 |    674 |   1 | 1417.0 |
        Bailey |    107 |    107 |      0 |      0 |      0 |   1 |  107.0 |
               +--------+--------+--------+--------+--------+-----+--------+

Top non-repeatable levels by time:
     D:5: 1547 daAuts
   Sewer: 1417 daAuts
     D:6: 1008 daAuts
     D:2: 923 daAuts
     D:3: 850 daAuts
     D:1: 746 daAuts
     D:4: 663 daAuts
     D:7: 434 daAuts
  Bailey: 107 daAuts
  Temple: 44 daAuts
